 Dungeon Crawl Stone Soup version 0.30-a0-297-g0ec75d9ef4 (webtiles) character file.

Game seed: 15830381555354312400

38 purpskrrrp the Shooter (level 3, 0/28 HPs)
             Began as a Barachi Hunter on Oct 18, 2022.
             Killed from afar by Sigmund (3 damage)
             ... with a magic dart
             ... on level 2 of the Dungeon.
             The game lasted 00:01:55 (837 turns).

purpskrrrp the Shooter (Barachi Hunter)              Turns: 837, Time: 00:01:56

Health: 0/28       AC:  4    Str: 12    XL:     3   Next: 43%
Magic:  3/3        EV: 12    Int:  9    God:
Gold:   31         SH:  0    Dex: 17    Spells: 2/2 levels left

rFire   . . .      SeeInvis .    a - +0 shortbow
rCold   . . .      Faith    .    (shield currently unavailable)
rNeg    . . .      Spirit   .    c - +1 leather armour
rPois   .          Reflect  .    (no helmet)
rElec   .          Harm     .    (no cloak)
rCorr   .          Rampage  .    (no gloves)
Will    .....                    (no boots)
Stlth   ++........               (no amulet)
HPRegen 0.24/turn                (no ring)
MPRegen 0.08/turn                (no ring)

@: unable to hop, slow
A: amphibious, slowness 1, strong legs 1, +LOS
a: Hop


You were on level 2 of the Dungeon.
You visited 1 branch of the dungeon, and saw 2 of its levels.

You collected 31 gold pieces.

Inventory:

Hand Weapons
 a - a +0 shortbow (weapon)
Armour
 c - a +1 leather armour (worn)
Scrolls
 b - a scroll of immolation
 e - a scroll of teleportation {unknown}
Potions
 d - a potion of invisibility {unknown}
 f - 2 potions of curing {unknown}
 h - a potion of lignification {unknown}


   Skills:
 - Level 2.5 Fighting
 * Level 4.7 Ranged Weapons
 - Level 2.3 Dodging
 + Level 1.8 Stealth


You had 2 spell levels left.
You didn't know any spells.
Your spell library contained the following spells:

 Spells                   Type           Power      Damage    Failure   Level
 Olgreb's Toxic Radiance  Pois           0%         N/A       99%         4
 Ozocubu's Refrigeration  Ice            0%         4d7       100%        7
 Ignition                 Fire           0%         3d3       100%        8


Dungeon Overview and Level Annotations

Branches:
Dungeon (2/15)

Altars:

Annotations:
D:2 Sigmund


Innate Abilities, Weirdness & Mutations

You are amphibious.
You cover ground slowly.
You can hop short distances.
You have an extended range of vision and can be seen from far away.


Message History

The arrow hits Sigmund but does no damage.
Sigmund is severely wounded.
Sigmund casts a spell at you. You resist with significant effort.
Fire: a) +0 shortbow
Press: ? - help, Shift-Dir - straight line, f/p - Sigmund
Aim: Sigmund, wielding a +3 scythe and wearing a +2 robe of willpower (severely wounded, 60% to hit)
You shoot an arrow. The arrow closely misses Sigmund.
Sigmund screams, "Die, monster!"
Sigmund hits you from afar with a +3 scythe!
* * * LOW HITPOINT WARNING * * *
Fire: a) +0 shortbow
Press: ? - help, Shift-Dir - straight line, f/p - Sigmund
Aim: Sigmund, wielding a +3 scythe and wearing a +2 robe of willpower (severely wounded, 60% to hit)
You shoot an arrow. The arrow barely misses Sigmund.
Sigmund closely misses you.
Okay, then.
Okay, then.
Your legs are too worn out to hop.
Fire: a) +0 shortbow
Press: ? - help, Shift-Dir - straight line, f/p - Sigmund
Aim: Sigmund, wielding a +3 scythe and wearing a +2 robe of willpower (severely wounded, 60% to hit)
You shoot an arrow. The arrow hits Sigmund.
Sigmund is almost dead.
Sigmund barely misses you.
Fire: a) +0 shortbow
Press: ? - help, Shift-Dir - straight line, f/p - Sigmund
Aim: Sigmund, wielding a +3 scythe and wearing a +2 robe of willpower (almost dead, 60% to hit)
You shoot an arrow.
The arrow hits Sigmund but does no damage.
Sigmund is almost dead.
Sigmund gestures at you while chanting.
The magic dart hits you but does no damage.
Fire: a) +0 shortbow
Press: ? - help, Shift-Dir - straight line, f/p - Sigmund
Aim: Sigmund, wielding a +3 scythe and wearing a +2 robe of willpower (almost dead, 60% to hit)
You shoot an arrow. The arrow barely misses Sigmund.
Sigmund casts a spell at you. The magic dart hits you.
You die...

#####.## #.#.#.###
#......# #.#.#.#
#......# #.#.#.#
#....).# #.#.#.#
#......# #.#.#.#
#......# #.#.#.#
#....$@# #...#.#
####......#########.##
.......†(@...........#
..........############
......##.## ...... #.#
..... #.# ##### #.#
..# ... ...


You could see Sigmund.

Vanquished Creatures
  A dart slug (D:1)
  6 endoplasms (D:1)
  2 giant cockroaches (D:1)
  4 goblins (D:1)
  2 hobgoblins
  3 kobolds
  2 quokkas (D:1)
  5 ball pythons (D:1)
  2 bats
  A frilled lizard (D:1)
  5 rats (D:1)
33 creatures vanquished.

Notes
Turn   | Place    | Note
-------+----------+-------------------------------------------
     0 | D:1      | purpskrrrp the Barachi Hunter began the quest for the Orb.
     0 | D:1      | Reached XP level 1. HP: 17/17 MP: 1/1
    59 | D:1      | Reached skill level 1 in Stealth
   166 | D:1      | Reached XP level 2. HP: 23/23 MP: 2/2
   346 | D:1      | Reached XP level 3. HP: 28/28 MP: 3/3
   820 | D:2      | Noticed Sigmund
   837 | D:2      | Killed from afar by Sigmund

Illustrated notes

Levels and vault maps discovered:
D:1:      tarquinn_simple_flora_water_a, layout_loops_ring
D:2:      minmay_chambers_of_ones, layout_basic, uniq_natasha, uniq_sigmund

Skill      XL: |  1 |
---------------+----+-----
Stealth        | 1 |  1.8
Fighting       | |  2.5
Ranged Weapons | |  4.7
Dodging        | |  2.3

Action                   || total
-------------------------++-------
 Fire: Shortbow          ||    80
 Abil: Hop               ||     1
  Use: Scroll            ||     4
Armor: Leather armour    ||     6
Dodge: Dodged            ||    11

Table legend: (Time is in decaauts)
 A = Elapsed time spent in this place.
 B = Non-inter-level travel time spent in this place.
 C = Inter-level travel time spent in this place.
 D = Time resting spent in this place.
 E = Time spent auto-exploring this place.
 F = Levels seen in this place.
 G = Mean time per level.
                   A        B        C        D        E       F      G
               +--------+--------+--------+--------+--------+-----+--------+
         Total |    993 |    956 |     37 |     35 |    757 |   2 |  496.5 |
       Dungeon |    993 |    956 |     37 |     35 |    757 |   2 |  496.5 |
               +--------+--------+--------+--------+--------+-----+--------+

Top non-repeatable levels by time:
     D:1: 882 daAuts
     D:2: 110 daAuts
